 Dungeon Crawl Stone Soup version 0.30-a0-377-g5cb311bc9f (webtiles) character file.

Game seed: 13523282200670380543

420 tio the Grave Robber (level 6, 0/42 HPs)
             Began as a Demonspawn Necromancer on Nov 29, 2022.
             Slain by a yak (1 damage)
             ... on level 5 of the Dungeon.
             The game lasted 00:27:53 (3440 turns).

tio the Grave Robber (Demonspawn Necromancer)       Turns: 3440, Time: 00:27:54

Health: 0/42       AC: 12    Str:  6 (8)  XL:     6   Next: 62%
Magic:  4/4        EV:  9    Int: 16 (19) God:
Gold:   159        SH:  0    Dex: 10 (13) Spells: 11/14 levels left

rFire   + . .      SeeInvis .    h - +1 falchion (antimagic)
rCold   x . .      Faith    .    (no shield)
rNeg    . . .      Spirit   .    e - +2 ring mail {Will+}
rPois   .          Reflect  .    (no helmet)
rElec   .          Harm     .    (no cloak)
rCorr   +          Rampage  +    (no gloves)
Will    +....                    g - +1 pair of boots {rampage}
Stlth   +.........               (no amulet)
HPRegen 0.27/turn                c - ring of resist corrosion
MPRegen 0.18/turn                b - ring of fire

@: no status effects
A: icy blue scales 2, magic regeneration, demonic magic 1, evolution 1,
MP-powered wands
a: no special abilities


You were on level 5 of the Dungeon.
You visited 1 branch of the dungeon, and saw 5 of its levels.

You collected 159 gold pieces.

Inventory:

Hand Weapons
 h - a +1 antimagic falchion (weapon)
 i - a +3 short sword
Armour
 e - a +2 ring mail of willpower (worn)
 g - a +1 pair of boots of rampaging (worn)
 j - a +0 leather armour of fire resistance
Jewellery
 b - a ring of fire (right hand)
 c - a ring of resist corrosion (left hand)
Potions
 a - a potion of brilliance
 l - a potion of cancellation
 m - a potion of might


   Skills:
 + Level 0.9 Fighting
 + Level 0.3(0.8) Short Blades
 + Level 1.1(1.2) Long Blades
 + Level 1.0 Armour
 + Level 2.2 Dodging
 + Level 1.8 Stealth
 + Level 4.6 Spellcasting
 + Level 6.2 Necromancy


You had 11 spell levels left.
You knew the following spells:

 Your Spells              Type           Power      Damage    Failure   Level
a - Necrotise             Necr           92%        1d8       4%          1
b - Wereblood             Tmut           3%         N/A       67%         2

Your spell library contained the following spells:

 Spells                   Type           Power      Damage    Failure   Level
 Vampiric Draining        Necr           23%        2d7       14%         3
 Animate Dead             Necr           23%        N/A       43%         4
 Beastly Appendage        Tmut           6%         N/A       54%         1
 Agony                    Necr           23%        N/A       80%         5
 Gell's Gravitas          Tloc           3%         N/A       88%         3
 Lesser Beckoning         Tloc           6%         N/A       88%         3
 Spider Form              Tmut/Pois      3%         N/A       88%         3
 Teleport Other           Tloc           3%         N/A       88%         3
 Malign Gateway           Summ/Tloc      1%         N/A       100%        7
 Summon Horrible Things   Summ           1%         N/A       100%        8


Dungeon Overview and Level Annotations

Branches:
Dungeon (5/15)
 Temple: D:4-7

Altars:

Shops:
D:4 (

Annotations:
D:5 Eustachio


Innate Abilities, Weirdness & Mutations

You are mostly covered in icy blue scales. (AC +3)
You regenerate magic rapidly.
Spells you cast may paralyse adjacent enemies.
You have hidden genetic potential.
You expend magic power (3 MP) to strengthen your wands.


Message History

The gnoll hits you with a +0 flail.
The gnoll writhes in agony.
Malevolent energies surge around you. The gnoll closely misses you.
You hit the gnoll.
The gnoll is almost dead.
The gnoll completely misses you. The gnoll hits you with a +0 flail.
You hit the gnoll.
You kill the gnoll!
Your Long Blades skill increases to level 1!
The yak attacks as you move away! The yak gores you!
The yak attacks as you move away! The yak barely misses you.
The yak attacks as you move away! The yak gores you!
* * * LOW HITPOINT WARNING * * *
The yak attacks as you move away! The yak gores you but does no damage.
The yak attacks as you move away! The yak gores you.
* * * LOW HITPOINT WARNING * * *
The yak attacks as you move away! The yak gores you but does no damage.
The yak attacks as you move away! The yak closely misses you.
The yak attacks as you move away! The yak gores you.
* * * LOW HITPOINT WARNING * * *
The yak attacks as you move away! The yak barely misses you.
There is a stone staircase leading up here.
The yak gores you but does no damage.
You hear a distant slurping noise.
You climb upwards.
Level annotation: Eustachio Eustachio barely misses you. x2
There is a stone staircase leading down here.
As you read the scroll labelled HYN IMIULEKOE, it crumbles to dust.
The creatures around you are filled with an inner flame!
It was a scroll of immolation.
The yak gores you.
* * * LOW HITPOINT WARNING * * *
Eustachio screams, "This atrocity can only be purified with blood!"
Eustachio hits you with a +0 rapier.
* * * LOW HITPOINT WARNING * * *
The yak gores you.
* * * LOW HITPOINT WARNING * * *
Eustachio hits you but does no damage.
You climb downwards.
The yak gores you.
You die...

##...Y##......######.#
##.#.##.##.#.........
...........##.#.######..
#####.#.#####.#.#####
#Y#.............#
...########.###.# ....
#.###.### .....
##YY...... ... Y.
###@@.##.#######
#...Y...........
###...##.#######
##.###.## #......#
#.###..# #.# #.)#
#.###..# #.##...#


You could see Eustachio (inner flame) and 3 yaks.

Vanquished Creatures
  2 phantoms (D:4)
  A necrophage (D:4)
  Natasha (D:3)
  2 gnolls (D:5)
  8 adders
  A worm (D:2)
  4 dart slugs
  11 orcs
  8 endoplasms
  6 giant cockroaches
  4 goblins
  7 hobgoblins
  7 kobolds
  5 ball pythons
  A bat (D:1)
  A frilled lizard (D:2)
  4 rats
73 creatures vanquished.

Vanquished Creatures (collateral kills)
  An endoplasm (D:3)
  A hobgoblin (D:3)
  A frilled lizard (D:2)
3 creatures vanquished.

Grand Total: 76 creatures vanquished

Notes
Turn   | Place    | Note
-------+----------+-------------------------------------------
     0 | D:1      | tio the Demonspawn Necromancer began the quest for the Orb.
     0 | D:1      | Reached XP level 1. HP: 13/13 MP: 3/3
   318 | D:1      | Gained mutation: You are partially covered in icy blue
                  | scales. (AC +2) [demonic ancestry]
   318 | D:1      | Reached XP level 2. HP: 19/19 MP: 0/5
   407 | D:1      | You fall into a shaft and drop 1 floor!
   615 | D:2      | Reached skill level 5 in Necromancy
   934 | D:2      | Gained mutation: You regenerate magic rapidly. [demonic
                  | ancestry]
   934 | D:2      | Reached XP level 3. HP: 24/24 MP: 4/6
  1466 | D:3      | Gained mutation: You are mostly covered in icy blue scales.
                  | (AC +3) [demonic ancestry]
  1466 | D:3      | Reached XP level 4. HP: 30/30 MP: 5/8
  1591 | D:3      | Noticed Natasha
  1594 | D:3      | Killed Natasha
  2189 | D:4      | Reached XP level 5. HP: 35/35 MP: 5/10
  2197 | D:4      | Noticed a phantom
  2212 | D:4      | Killed a phantom
  2350 | D:4      | Noticed a phantom
  2362 | D:4      | Killed a phantom
  2363 | D:4      | Gained mutation: Spells you cast may paralyse adjacent
                  | enemies. [demonic ancestry]
  2363 | D:4      | Reached XP level 6. HP: 41/42 MP: 4/12
  2498 | D:4      | Reached skill level 6 in Necromancy
  2683 | D:4      | Reached skill level 1 in Armour
  2829 | D:4      | Learned a level 2 spell: Wereblood
  2866 | D:4      | Found Jetwifot's Antique Weapon Emporium.
  3150 | D:4      | Noticed Eustachio
  3240 | D:5      | Entered Level 5 of the Dungeon
  3247 | D:5      | Gained mutation: You expend magic power (3 MP) to
                  | strengthen your wands. [potion of mutation]
  3247 | D:5      | Gained mutation: You have hidden genetic potential. [potion
                  | of mutation]
  3402 | D:5      | Noticed a yak
  3402 | D:5      | Noticed a yak
  3404 | D:5      | Noticed a yak
  3422 | D:5      | Reached skill level 1 in Long Blades
  3439 | D:4      | HP: 1/42 [yak (4)]
  3440 | D:5      | Slain by a yak

Illustrated notes

Levels and vault maps discovered:
D:1:      nicolae_arrival_washed_ashore, layout_loops_ring,
          nicolae_concentric_dashed_squares_mild, nrook_mini_backslash
D:2:      layout_loops_ring, basic_altar, eino_curves_02
D:3:      layout_basic, minivault_19, uniq_natasha
D:4:      minmay_angry_zag, layout_cave_pods, serial_shops,
          nicolae_diamond_shop, uniq_eustachio
D:5:      minmay_spotlight, layout_loops_corners

Skill      XL: |  1  2  3  4  5  6 |
---------------+-------------------+-----
Necromancy     | 5 6 |  6.2
Spellcasting   | 3 4 |  4.6
Dodging        | 2 |  2.2
Armour         | 1 |  1.0
Long Blades    | 1 |  1.1
Fighting       | |  0.9
Short Blades   | |  0.3
Stealth        | |  1.8

Action                   |  1- 3 |  4- 6 || total
-------------------------+-------+-------++-------
Melee: Mace              |     4 |       ||     4
       Short sword       |       |    35 ||    35
       Falchion          |       |    73 ||    73
       Punch             |       |     4 ||     4
 Cast: Necrotise         |    60 |    87 ||   147
  Use: Scroll            |     4 |     1 ||     5
       Potion            |     1 |     7 ||     8
 Stab: Paralysed         |       |     1 ||     1
Armor: Ring mail         |    14 |   228 ||   242
Dodge: Dodged            |    10 |   233 ||   243

Table legend: (Time is in decaauts)
 A = Elapsed time spent in this place.
 B = Non-inter-level travel time spent in this place.
 C = Inter-level travel time spent in this place.
 D = Time resting spent in this place.
 E = Time spent auto-exploring this place.
 F = Levels seen in this place.
 G = Mean time per level.
                   A        B        C        D        E       F      G
               +--------+--------+--------+--------+--------+-----+--------+
         Total |   3456 |   3243 |    213 |      0 |   2599 |   5 |  691.2 |
       Dungeon |   3456 |   3243 |    213 |      0 |   2599 |   5 |  691.2 |
               +--------+--------+--------+--------+--------+-----+--------+

Top non-repeatable levels by time:
     D:4: 1141 daAuts
     D:2: 954 daAuts
     D:3: 753 daAuts
     D:1: 406 daAuts
     D:5: 199 daAuts
